 Dungeon Crawl Stone Soup version bcrawl-1.14 (webtiles) character file.

Game seed: 529952589413497740

770 MisterOstroum the Skirmisher (level 7, 30/67 HPs)
             Began as a Naga Sloth Apostle on Sept 8, 2019.
             Was a Priest of Cheibriados.
             Quit the game on level 5 of the Dungeon.
             The game lasted 00:12:47 (6215 turns).

MisterOstroum the Skirmisher (Naga Sloth Apostle)   Turns: 6215, Time: 00:12:48

Health: 30/67      AC:  5    Str: 24    XL:     7   Next: 83%
Magic:  2/10       EV:  7    Int: 21    God:    Cheibriados [***...]
Gold:   366        SH:  0    Dex: 18    Spells: 7/8 levels left

rFire    . . .     SeeInvis +   a - +0 spear
rCold    . . .     Gourm    .   (no shield)
rNeg     . . .     Faith    .   q - +0 scale mail
rPois    +         Spirit   .   (no helmet)
rElec    .         Reflect  .   (no cloak)
rCorr    .         Harm     .   (no gloves)
MR       .....                  (no barding)
Stlth    ++........             (no amulet)
HPRegen  0.21/turn              o - ring of flight
MPRegen  0.12/turn              (no ring)

@: very slow
A: large, see invisible, deformed body, poison resistance, slowness 2, slow
metabolism 1, spit poison 1, AC +2
a: Spit Poison, Bend Time, Temporal Distortion, Renounce Religion, Evoke Flight


You were on level 5 of the Dungeon.
You worshipped Cheibriados.
Cheibriados was most pleased with you.
You were hungry.

You visited 1 branch of the dungeon, and saw 5 of its levels.

You collected 366 gold pieces.

Inventory:

Hand Weapons
 a - a +0 spear (weapon)
 j - a +0 hunting sling
 s - a +1 mace of protection
 w - the +6 hunting sling "Ciomumyi" {freeze, rPois rC++ MR+ Dex-2, unknown}
   (You found it on level 4 of the Dungeon)

   It causes projectiles fired from it to freeze those they strike, causing
   extra injury to most foes and up to half again as much damage against
   particularly susceptible opponents.
   They can also slow down cold-blooded creatures.
   It affects your dexterity (-2).
   It greatly protects you from cold.
   It protects you from poison.
   It affects your resistance to hostile enchantments.
Missiles
 f - 226 javelins
 h - 1941 stones
 x - 80 tomahawks (quivered)
Armour
 c - a +0 shield
 q - a +0 scale mail (worn)
Jewellery
 o - a ring of flight (left hand)
 p - an uncursed ring of poison resistance {unknown}
 C - an uncursed amulet of guardian spirit {unknown}
Wands
 v - a wand of paralysis (5)
Scrolls
 g - a scroll of enchant armour {unknown}
 i - 2 scrolls of fog {unknown}
 k - 2 scrolls of magic mapping {unknown}
 l - 2 scrolls of amnesia {unknown}
 m - 5 scrolls of identify {unknown}
 n - 3 scrolls of teleportation {unknown}
 t - a scroll of fear {unknown}
 y - a scroll of remove curse {unknown}
Potions
 b - 2 potions of lignification {unknown}
 d - a potion of flight {unknown}
 r - a potion of ambrosia {unknown}
 u - a potion of magic {unknown}
 z - a potion of haste {unknown}
 A - 3 potions of curing {unknown}
 B - a potion of degeneration {unknown}
Comestibles
 e - 10 rations {!d}


   Skills:
 - Level 5.1 Fighting
 - Level 5.1 Polearms
 - Level 4.8 Stealth
 - Level 1.5 Shields
 - Level 1.0 Spellcasting
 - Level 1.0 Hexes
 - Level 0.8 Invocations
 + Level 4.8 Evocations


You had 7 spell levels left.
You knew the following spells:

 Your Spells              Type           Power        Failure   Level  Hunger
a - Slow                  Hex            #.......     28%         1    ##.....
Your spell library was empty.

Dungeon Overview and Level Annotations

Branches:
Dungeon (5/12)             Temple (0/1) D:4

Altars:
Nemelex Xobeh
Zin


Innate Abilities, Weirdness & Mutations

You cannot wear boots.
Your serpentine skin is tough. (AC +2)
You have supernaturally acute eyesight. (SInv)
Armour fits poorly on your strangely shaped body.
Your system is resistant to poisons. (rPois)
You cover ground very slowly.
You have a slow metabolism.
You can spit poison.


Message History

The ogre is moderately wounded.
The jackal bites you but does no damage. x2
You can't do that yet.
You have got your breath back.
The jackal bites you but does no damage.
Unknown command.
Press: ? - help, Shift-Dir - straight line, f/p - ogre
Aim: an ogre, wielding a +0 giant club (moderately wounded)
The splash of poison hits the jackal.
The jackal is poisoned.
You kill the jackal!
Cheibriados thoroughly appreciates the change of pace.
You feel slightly more hungry.
You hit the ogre.
The ogre is moderately wounded.
You hit the ogre.
The ogre is heavily wounded.
The ogre hits you with a +0 giant club! The flow of time bends around you.
Cheibriados rebukes the ogre.
The ogre seems to slow down.
You feel slightly more hungry.
You can no longer inflict damage on those overly hasty.
Cheibriados lowers the support of your attributes as your movement quickens.
You have got your breath back.
The ogre hits you with a +0 giant club!
You barely miss the ogre.
The ogre is heavily wounded.
Press: ? - help, Shift-Dir - straight line, f/p - ogre
Aim: an ogre, wielding a +0 giant club (heavily wounded, slow)
The splash of poison hits the ogre.
The ogre is poisoned.
The ogre is almost dead.
You feel slightly more hungry. The ogre hits you with a +0 giant club!
Attack whom?
Press: ? - help, Dir - move target cursor, f/p - ogre
Aim: an ogre, wielding a +0 giant club (almost dead, slow, poisoned)
You hit the ogre but do no damage.
The ogre is almost dead.
Attack whom?
Press: ? - help, Dir - move target cursor, f/p - ogre
Aim: an ogre, wielding a +0 giant club (almost dead, slow, poisoned)
You hit the ogre.
You kill the ogre!
Cheibriados appreciates the change of pace.
Things that are here:
a +0 giant club; a jackal corpse You butcher the jackal corpse.
D - 3 chunks of flesh
Things that are here:
a +0 giant club; a jackal skeleton You have got your breath back.
Things that are here:
a +0 giant club; a jackal skeleton You see here a jackal corpse.
You butcher the jackal corpse.
D - 4 chunks of flesh (gained 1)
You see here a jackal skeleton.
Eating one of 4 chunks of flesh.
You eat one of the 4 chunks of flesh.
This raw flesh tastes terrible.
You are feeling hungry.
Eating one of 3 chunks of flesh.
You eat one of the 3 chunks of flesh.
This raw flesh tastes terrible.
HP restored.
A gnoll comes into view. It is wielding a +0 flail.
Found a sparkling altar of Nemelex Xobeh.
A gnoll is nearby!
A gnoll is nearby!
A gnoll is nearby!
A gnoll is nearby!
A gnoll comes into view. It is wielding a +1 spear of venom.
Attack whom?
Press: ? - help, Dir - move target cursor, f - gnoll
Aim: a gnoll, wielding a +0 flail You reach to attack!
You closely miss the gnoll. You barely miss the gnoll.
The gnoll shouts!
You hear a shout!
A gnoll comes into view.
A gnoll sergeant comes into view. It is wielding a +0 trident.
The gnoll hits you with a +0 flail.
The gnoll sergeant shouts!
The gnoll completely misses you. The gnoll barely misses you.
A gnoll comes into view. It is wielding a +0 spear.
The gnoll hits you but does no damage.
A gnoll comes into view. It is wielding a +0 whip.
The gnoll shouts!
The gnoll barely misses you. The gnoll hits you but does no damage.
The gnoll hits you.
The gnoll hits you from afar with a +1 spear of venom!
The gnoll sergeant hits you from afar with a +0 trident.
The gnoll hits you with a +0 flail!
The gnoll hits you from afar with a +1 spear of venom.
The gnoll hits you with a +0 flail!
All of the chunks of flesh in your inventory have rotted away.
The gnoll sergeant hits you but does no damage.
You warp the flow of time around you!
You are feeling hungry.
You warp the flow of time around you!
You feel somewhat more hungry.
Unknown command.
Quiver which item? (- for none, * to show all) (? for menu, Esc to quit)
Okay, then.
Are you sure you want to abandon this character and quit the game? (Confirm with "yes".)

..............÷..)...............
######.#########.##.......##..<#.
#.# #.##.......##.#... #..
#.##.......##.#.## ##.
#.###########.#.## . #g# #.....
#. #g# #..... #g# #..... #@#
#..... #g# #..... #g# ..# #.....
## ##.####...# ###### ...
#.......... ....####..........
.⌠................
_.................
.⌠.#.(............


You could see a gnoll sergeant (wandering) and 4 gnolls.

Vanquished Creatures
  A phantom (D:3)
  An ogre (D:5)
  A bullfrog (D:4)
  2 bullfrog zombies
  2 orc priests (D:2)
  Natasha (thrice) (D:4)
  2 worker ants
  An iguana (D:4)
  3 orc wizards
  7 adders
  2 adder skeletons
  An adder zombie (D:3)
  3 worms
  2 dart slugs
  7 leopard geckos
  5 orcs
  4 giant cockroaches
  7 goblins
  6 hobgoblins
  14 jackals
  9 kobolds
  A quokka (D:3)
  4 bats
  4 frilled lizards
  A leopard gecko skeleton (D:4)
  9 rats
102 creatures vanquished.

Notes
Turn   | Place    | Note
-------+----------+-------------------------------------------
     0 | D:1      | MisterOstroum the Naga Sloth Apostle began the quest for
                  | the Orb.
     0 | D:1      | Reached XP level 1. HP: 19/19 MP: 2/2
   204 | D:1      | Reached XP level 2. HP: 20/26 MP: 3/3
   994 | D:1      | Reached * piety under Cheibriados
   994 | D:1      | Reached XP level 3. HP: 31/32 MP: 4/4
  1836 | D:2      | Reached XP level 4. HP: 13/39 MP: 2/5
  2930 | D:2      | Reached XP level 5. HP: 49/49 MP: 6/6
  3194 | D:3      | Reached ** piety under Cheibriados
  3625 | D:3      | Noticed a phantom
  3650 | D:3      | Killed a phantom
  3650 | D:3      | Reached skill level 5 in Fighting
  3650 | D:3      | Reached XP level 6. HP: 30/61 MP: 7/7
  4253 | D:3      | Reached skill level 5 in Polearms
  4389 | D:3      | Reached *** piety under Cheibriados
  4682 | D:4      | Found a staircase to the Ecumenical Temple.
  4765 | D:4      | Noticed Natasha
  4768 | D:4      | Reached XP level 7. HP: 67/67 MP: 8/8
  4773 | D:4      | Killed Natasha
  4825 | D:4      | Noticed Natasha
  4838 | D:4      | Killed Natasha
  5091 | D:4      | Got a slimy hunting sling
  5276 | D:4      | Noticed Natasha
  5281 | D:4      | Killed Natasha
  5361 | D:4      | Found a glowing silver altar of Zin.
  5361 | D:4      | Found a sparkling altar of Nemelex Xobeh.
  5777 | D:5      | Entered Level 5 of the Dungeon
  6025 | D:5      | Reached **** piety under Cheibriados
  6203 | D:5      | Found a sparkling altar of Nemelex Xobeh.
  6215 | D:5      | Quit the game

Skill      XL: |  1  2  3  4  5  6  7 |
---------------+----------------------+-----
Polearms       | 3 4 5 |  5.1
Fighting       | 3 5 |  5.1
Evocations     | 4 |  4.8
Stealth        | |  4.8
Shields        | |  1.5
Spellcasting   | |  1.0
Hexes          | |  1.0
Invocations    | |  0.8

Action                   |  1- 3 |  4- 6 |  7- 9 || total
-------------------------+-------+-------+-------++-------
Melee: Spear             |   105 |   249 |    86 ||   440
 Fire: Hunting sling     |     2 |       |       ||     2
Throw: Stone             |       |     8 |       ||     8
       Tomahawk          |       |     3 |     4 ||     7
Invok: Bend Time         |     1 |       |     1 ||     2
       Temporal Distorti |       |       |     2 ||     2
 Abil: Spit Poison       |     4 |    22 |    16 ||    42
Evoke: Wand              |     3 |     7 |     3 ||    13
 Stab: Sleeping          |     7 |     1 |       ||     8
       Paralysed         |     8 |    10 |     4 ||    22
  Eat: Chunk             |     1 |     7 |     3 ||    11
Armor: Robe              |    10 |     2 |       ||    12
       Scale mail        |       |    50 |    46 ||    96
Dodge: Dodged            |    29 |    54 |    44 ||   127
Block: Shield            |    32 |       |       ||    32
